 Dungeon Crawl Stone Soup version 0.29-a0-819-g94b489e0ae (webtiles) character file.

Game seed: 1089111600432387569

2124 snarfax the Basher (level 9, -3/78 HPs)
             Began as a Meteoran Fighter on July 6, 2022.
             Slain by a killer bee (4 damage)
             ... on level 7 of the Dungeon.
             The game lasted 00:14:00 (2241 turns).

snarfax the Basher (Meteoran Fighter)               Turns: 2241, Time: 00:14:00

Health: -3/78      AC: 12    Str: 22    XL:     9   Next: 84%
Magic:  10/10      EV:  7    Int:  9    God:
Gold:   206        SH:  7    Dex: 15    Spells: 8/8 levels left

rFire   . . .      SeeInvis .   k - +0 flail (holy)
rCold   . . .      Faith    .   c - +1 buckler
rNeg    . . .      Spirit   .   j - +0 chain mail
rPois   +          Reflect  .   (no helmet)
rElec   .          Harm     .   d - +0 cloak
rCorr   .          Rampage  .   (no gloves)
Will    .....                   (no boots)
Stlth   ..........              (no amulet)
HPRegen 0.23/turn               f - ring of poison resistance
MPRegen 0.12/turn               (no ring)

@: weak-willed, hasted, glowing, very quick
A: sense surroundings 2, otherworldly, glowing, explore regen
a: no special abilities


You were on level 7 of the Dungeon.
You visited 1 branch of the dungeon, and saw 7 of its levels.

You collected 206 gold pieces.

Inventory:

Hand Weapons
 a - a +0 flail
 k - a +0 flail of holy wrath (weapon)
 p - a +0 scimitar of flaming
Missiles
 g - 12 poisoned darts (quivered)
 i - 3 javelins
Armour
 c - a +1 buckler (worn)
 d - a +0 cloak (worn)
 j - a +0 chain mail (worn)
 q - +0 steam dragon scales
Jewellery
 f - a ring of poison resistance (left hand)
 l - an amulet of faith
Scrolls
 b - a scroll of identify
 o - a scroll of blinking {unknown}
Potions
 h - 3 potions of attraction
 m - a potion of mutation {unknown}


   Skills:
 + Level 6.8 Fighting
 * Level 10.1 Maces & Flails
 + Level 7.4 Armour
 + Level 7.4 Shields


You had 8 spell levels left.
You didn't know any spells.
Your spell library was empty.

Dungeon Overview and Level Annotations

Branches:
Dungeon (7/15) Zot: 1921
 Temple: D:4-7

Altars:
Ashenzari
Qazlal

Shops:
D:4 :


Innate Abilities, Weirdness & Mutations

You passively map the area around you.
You are easily found by Zot.
You glow in the dark.
You regain HP and MP as you explore.


Message History

The killer bee is almost dead.
You block the killer bee's attack.
The killer bee stings you but does no damage.
The killer bee barely misses you.
The killer bee stings you but does no damage.
You hit the killer bee.
The killer bee is almost dead.
The killer bee stings you. x2; You block the killer bee's attack.
The killer bee stings you.
You hit the killer bee.
You kill the killer bee!
The killer bee stings you!
* * * LOW HITPOINT WARNING * * *
The killer bee barely misses you.
The killer bee stings you but does no damage.
You feel yourself speed up.
The killer bee stings you but does no damage.
You block the killer bee's attack. x2; The killer bee stings you.
* * * LOW HITPOINT WARNING * * *
You closely miss the killer bee. You block the killer bee's attack. x2
You closely miss the killer bee. You block the killer bee's attack.
The killer bee stings you.
* * * LOW HITPOINT WARNING * * *
The killer bee closely misses you.
The killer bee stings you but does no damage.
You barely miss the killer bee. The killer bee closely misses you.
The killer bee stings you but does no damage.
You hit the killer bee.
The killer bee is moderately wounded.
You block the killer bee's attack. The killer bee barely misses you.
You hit the killer bee.
The killer bee is heavily wounded.
The killer bee stings you.
* * * LOW HITPOINT WARNING * * *
The killer bee stings you.
* * * LOW HITPOINT WARNING * * *
As you read the scroll labelled BOFORCH TAULE, it crumbles to dust.
Magic quickly surges around you.
It was a scroll of vulnerability.
The killer bee barely misses you. The killer bee stings you.
You die...

* * ,* * , , ,,, ,
,, .. , , ,,, *
#.########y** * ,
,, ,..........@ *
** , , ..<...... *
* , ,#.#.#..##
.......# *,# *
**#.#.#...###.#####
* , ,,
*#...<.yy@y...... ,
* , ,
#####..###.##### *
* , #....# ,# * *
,, * #.##.# *
#.*#.###.### *
####.##...?.(.# *
###........####.#
.......<##.# * ,
###.##..# .# *


You could see 3 killer bees.

Vanquished Creatures
  Maggie (D:7)
  Edmund (D:4)
  Menkaure (D:6)
  A water moccasin (D:6)
  An ice beast (D:6)
  A sky beast (D:6)
  2 ogres
  A centaur (D:5)
  A kobold brigand (D:4)
  A phantom (D:6)
  A bullfrog (D:6)
  3 necrophages
  A scorpion (D:5)
  3 killer bees (D:7)
  3 howler monkeys (D:6)
  4 hounds
  A jelly (D:6)
  3 iguanas
  2 orc wizards (D:6)
  3 adders
  A shadow imp (D:6)
  A white imp (D:6)
  3 ufetubi
  21 orcs
  2 bats (D:1)
  2 endoplasms
  3 goblins
  2 hobgoblins
  2 jackals (D:1)
  A quokka (D:1)
  3 ball pythons
  3 frilled lizards
  2 rats (D:1)
81 creatures vanquished.

Vanquished Creatures (others)
  A plant (D:4)
1 creature vanquished.

Grand Total: 82 creatures vanquished

Notes
Turn   | Place    | Note
-------+----------+-------------------------------------------
     0 | D:1      | snarfax the Meteoran Fighter began the quest for the Orb.
     0 | D:1      | Reached XP level 1. HP: 19/19 MP: 2/2
    52 | D:1      | Reached XP level 2. HP: 26/26 MP: 3/3
    73 | D:1      | Reached skill level 3 in Maces & Flails
   172 | D:2      | Found a faded altar of an unknown god.
   239 | D:3      | Reached XP level 3. HP: 13/31 MP: 4/4
   299 | D:3      | HP: 1/31 [poisoned by an adder]
   402 | D:3      | Found a broken altar of Ashenzari.
   427 | D:3      | Reached XP level 4. HP: 17/40 MP: 5/5
   621 | D:4      | Reached skill level 4 in Maces & Flails
   621 | D:4      | Reached XP level 5. HP: 46/46 MP: 6/6
   633 | D:4      | Noticed a kobold brigand
   653 | D:4      | Killed a kobold brigand
   661 | D:4      | Found Oloh's Vocational Training.
   665 | D:4      | Noticed Edmund
   667 | D:4      | Noticed a necrophage
   686 | D:4      | Killed Edmund
   687 | D:4      | Reached skill level 5 in Maces & Flails
   687 | D:4      | Reached skill level 5 in Armour
   687 | D:4      | Reached skill level 5 in Shields
   687 | D:4      | Reached XP level 6. HP: 36/53 MP: 7/7
   695 | D:4      | Reached XP level 7. HP: 37/60 MP: 8/8
   757 | D:5      | Entered Level 5 of the Dungeon
   823 | D:5      | Reached skill level 6 in Maces & Flails
   945 | D:5      | Reached skill level 5 in Fighting
  1017 | D:5      | Reached XP level 8. HP: 61/68 MP: 9/9
  1021 | D:5      | Reached skill level 7 in Maces & Flails
  1336 | D:6      | HP: 3/69 [poisoned by a water moccasin]
  1739 | D:6      | Noticed Menkaure
  1742 | D:6      | Reached skill level 8 in Maces & Flails
  1758 | D:6      | Killed Menkaure
  1759 | D:6      | Gained mutation: You passively map the area around you.
                  | [Meteoran growth]
  1759 | D:6      | Reached XP level 9. HP: 43/75 MP: 10/10
  1913 | D:6      | Found a stormy altar of Qazlal.
  2053 | D:6      | Reached skill level 9 in Maces & Flails
  2117 | D:7      | Noticed Maggie
  2169 | D:7      | Killed Maggie
  2203 | D:7      | Reached skill level 10 in Maces & Flails
  2240 | D:7      | HP: 1/78 [killer bee (5)]
  2241 | D:7      | Slain by a killer bee

Illustrated notes

Levels and vault maps discovered:
D:1:      lightli_arrival_statuegarden, layout_basic, minivault_23,
          palyth_stone_intersect, minmay_misc_feat_alley
D:2:      layout_loops_ring, hellmonk_ecumenical_altar_pennies_from_heaven,
          corexii_shack
D:3:      layout_basic, mainiacjoe_overflow_brackets
D:4:      layout_basic, serial_bayou, serial_bayou_lagoon_b,
          serial_bayou_crossing, serial_bayou_pond_d, serial_bayou_pond_d,
          amethyst_killhole, nicolae_shop_vocational, uniq_edmund, uniq_pikel
D:5:      layout_loops_ring, nicolae_overflow_hidden_temple,
          minmay_misc_feat_rows, nicolae_hexahallways, minmay_misc_feat_pillars,
          kennysheep_another_room, minmay_small_thing
D:6:      layout_basic, mainiacjoe_overflow_boulevard, fountainhead,
          nicolae_underground_beach, uniq_menkaure
D:7:      layout_loops_ring, minmay_temple_entry_statues_pillars, uniq_maggie

Skill      XL: |  1  2  3  4  5  6  7  8  9 |
---------------+----------------------------+-----
Maces & Flails | 3 4 5 6 8 10 | 10.1
Shields        | 4 5 6 7 |  7.4
Armour         | 4 5 6 7 |  7.4
Fighting       | 4 5 6 |  6.8

Action                   |  1- 3 |  4- 6 |  7- 9 || total
-------------------------+-------+-------+-------++-------
Melee: Flail             |    81 |    56 |   240 ||   377
Throw: Dart              |       |    15 |     8 ||    23
  Use: Scroll            |     2 |       |     5 ||     7
       Potion            |       |       |     3 ||     3
Armor: Scale mail        |    57 |     4 |       ||    61
       Chain mail        |       |    19 |   144 ||   163
Dodge: Dodged            |    34 |    16 |    65 ||   115
Block: Buckler           |    26 |     9 |    93 ||   128

Table legend: (Time is in decaauts)
 A = Elapsed time spent in this place.
 B = Non-inter-level travel time spent in this place.
 C = Inter-level travel time spent in this place.
 D = Time resting spent in this place.
 E = Time spent auto-exploring this place.
 F = Levels seen in this place.
 G = Mean time per level.
                   A        B        C        D        E       F      G
               +--------+--------+--------+--------+--------+-----+--------+
         Total |   2277 |   2176 |    101 |    255 |   1088 |   7 |  325.3 |
       Dungeon |   2277 |   2176 |    101 |    255 |   1088 |   7 |  325.3 |
               +--------+--------+--------+--------+--------+-----+--------+

Top non-repeatable levels by time:
     D:6: 828 daAuts
     D:5: 552 daAuts
     D:3: 363 daAuts
     D:4: 235 daAuts
     D:1: 127 daAuts
     D:7: 92 daAuts
     D:2: 78 daAuts
